Hartford Whalers vs Arizona Coyotes
Created - Saturday, September 21, 2024 at 09:42
Goals
|
| Hartford Whalers |
1 |
2 |
1 |
4 |
| Arizona Coyotes |
3 |
1 |
2 |
6 |
|
Shots
|
| Hartford Whalers |
12 |
10 |
11 |
33 |
| Arizona Coyotes |
10 |
14 |
7 |
31 |
|
1st period
1. Arizona Coyotes , Ondrej Palat 2 (Anthony Deangelo 3) at 0:52
2. Hartford Whalers , Ryan McDonagh 2 (Nick Suzuki 16, Jonathan Drouin 17) at 8:29 (PP)
3. Arizona Coyotes , Ryan Donato 4 (Zach Parise 4, Matt Dumba 2) at 11:07
4. Arizona Coyotes , Tyler Seguin 9 (Mats Zuccarello 19, Charlie Coyle 16) at 12:59
Penalties :
Matt Dumba (AZC) for Roughing (Minor) at 7:43, Ross Colton (AZC) for Interference (Minor) at 14:11, Tomas Tatar (HFD) for Interference (Minor) at 19:36
2nd period
5. Arizona Coyotes , Mason McTavish 10 (Erik Haula 9) at 0:12 (PP)
6. Hartford Whalers , Charlie McAvoy 3 (Kaiden Guhle 5) at 5:33
7. Hartford Whalers , Lukas Reichel 3 (Kaapo Kakko 3, Ryan Suter 7) at 13:52
Penalties :
Ryan Suter (HFD) for Interference (Minor) at 3:21, T.J. Oshie (HFD) for High sticking (Minor) at 7:29, Mason McTavish (AZC) for Tripping (Minor) at 11:16
3rd period
8. Hartford Whalers , Kaapo Kakko 4 (Ryan Suter 8, Tomas Tatar 2) at 2:39
9. Arizona Coyotes , Jared Spurgeon 2 (Erik Haula 10, Mason McTavish 13) at 11:42
10. Arizona Coyotes , Charlie Coyle 13 (Mats Zuccarello 20) at 18:51 (Empty Net)
Penalties :
Brayden McNabb (AZC) for Interference (Minor) at 2:56, Torey Krug (HFD) for Slashing (Minor) at 13:23
Goalie Stats
Anton Forsberg (HFD), 23 saves from 28 shots - (0.821), L, 1-6-0, 59:23 minutes
Spencer Knight (HFD), 2 saves from 2 shots - (1.000), 0:19 minutes
Petr Mrazek (AZC), 29 saves from 33 shots - (0.879), W, 9-9-3, 60:00 minutes
Players Stats for Hartford Whalers
Player Name G A P +/- PIM S H SB GA TA FO MP PP MP PK MP
------------------------------------------------------------------------------------
Anthony Cirelli 0 0 0 -3 0 5 1 0 0 0 1/1 19:44 3:41 3:07
Charlie McAvoy 1 0 1 -1 0 5 4 3 0 1 0/0 23:14 3:06 3:05
Derek Forbort 0 0 0 0 0 0 2 0 0 0 0/0 15:54 0:00 1:44
Jonathan Drouin 0 1 1 -3 0 3 1 0 0 1 2/4 19:26 3:41 2:51
Josh Anderson 0 0 0 -1 0 1 1 0 1 0 0/0 8:56 0:27 0:16
Kaapo Kakko 1 1 2 2 0 3 2 1 0 0 0/0 13:15 0:00 0:43
Kaiden Guhle 0 1 1 -1 0 0 3 0 0 1 0/0 15:36 0:00 0:53
Lukas Reichel 1 0 1 2 0 2 0 0 0 1 3/11 12:25 0:00 0:00
Matthew Coronato 0 0 0 -1 0 0 1 1 0 0 1/2 8:08 0:00 0:00
Miles Wood 0 0 0 0 0 1 1 1 0 0 0/0 15:32 2:24 0:00
Morgan Frost 0 0 0 0 0 1 0 0 1 0 3/16 18:41 2:30 3:03
Nick Suzuki 0 1 1 -3 0 4 2 0 5 0 9/18 19:41 3:41 3:06
Ryan McDonagh 1 0 1 -1 0 3 1 0 0 0 0/0 23:19 3:06 2:50
Ryan Suter 0 2 2 -1 2 3 1 0 0 1 0/0 20:27 3:37 2:19
T.J. Oshie 0 0 0 0 2 1 3 0 1 0 2/2 15:44 2:35 0:00
Taylor Hall 0 0 0 -1 0 0 0 0 1 0 1/1 8:42 0:32 0:00
Tomas Tatar 0 1 1 2 2 1 1 0 1 0 0/1 13:04 0:38 0:00
Torey Krug 0 0 0 0 2 0 1 0 1 0 0/0 21:35 3:37 2:15
Players Stats for Arizona Coyotes
Player Name G A P +/- PIM S H SB GA TA FO MP PP MP PK MP
------------------------------------------------------------------------------------
Anthony Deangelo 0 1 1 2 0 0 1 0 0 0 0/0 13:57 0:00 0:55
Brandon Tanev 0 0 0 1 0 2 2 0 0 0 0/0 15:44 3:19 0:36
Brayden McNabb 0 0 0 0 2 0 1 0 0 0 0/0 20:48 3:23 1:57
Charlie Coyle 1 1 2 2 0 4 1 2 1 1 17/26 20:29 3:14 3:14
Erik Haula 0 2 2 1 0 1 0 0 0 0 1/1 15:08 3:19 0:00
Jakob Silfverberg 0 0 0 -1 0 1 1 0 1 0 0/0 8:29 0:00 0:00
Jani Hakanpaa 0 0 0 0 0 0 0 3 0 4 0/0 25:01 3:10 3:37
Jared Spurgeon 1 0 1 0 0 3 2 3 0 2 0/0 25:01 3:10 3:37
Mark Jankowski 0 0 0 -1 0 0 0 0 0 0 0/0 8:26 0:00 0:00
Mason McTavish 1 1 2 1 2 3 2 0 1 0 10/17 17:01 3:19 1:52
Mats Zuccarello 0 2 2 2 0 3 0 1 0 1 0/1 20:26 3:14 3:14
Matt Dumba 0 1 1 2 2 0 1 0 0 0 0/0 13:15 0:00 0:14
Ondrej Palat 1 0 1 -1 0 3 1 0 1 0 0/0 8:26 0:00 0:00
Radko Gudas 0 0 0 0 0 0 1 0 0 2 0/0 21:57 3:23 3:06
Ross Colton 0 0 0 0 2 4 1 2 0 0 5/8 12:26 0:00 0:00
Ryan Donato 1 0 1 0 0 2 2 0 0 0 0/0 12:29 0:00 0:00
Tyler Seguin 1 0 1 2 0 4 2 0 1 1 1/3 20:19 3:14 3:07
Zach Parise 0 1 1 0 0 1 3 0 0 0 0/0 13:51 0:00 1:23
3 Stars
1 - Charlie Coyle (AZC)
2 - Kaapo Kakko (HFD)
3 - Tyler Seguin (AZC)
Power Play
Hartford Whalers - 1 on 4 Attempt(s) - 25.00%
Arizona Coyotes - 1 on 4 Attempt(s) - 25.00%
Penalty Kill
Hartford Whalers - 3 on 4 Attempt(s) - 75.00%
- Score 0 goal in Penalty Kill
Arizona Coyotes - 3 on 4 Attempt(s) - 75.00%
- Score 0 goal in Penalty Kill
Team Stat
Hartford Whalers - Hits : 25 - Faceoff Wins : 22 - Blocked Shots : 6 - Penalty Minutes : 8
Arizona Coyotes - Hits : 21 - Faceoff Wins : 34 - Blocked Shots : 11 - Penalty Minutes : 8
Official
Referees : Francois St Laurent and Brian Pochmara
Linesman : Brandon Gawryletz and Scott Cherrey
Game Notes
Spencer Knight is injured at 0:19 of 1st period (Left Leg)
Anton Forsberg enters game at 0:19 of 1st period
Charlie Coyle has scored in a empty net!
Finance
Level 1 -- Attendance: 5227 (87.12%) -- Ticket Income $486,111
Level 2 -- Attendance: 4813 (96.26%) -- Ticket Income $250,276
Level 3 -- Attendance: 2867 (95.57%) -- Ticket Income $86,010
Level 4 -- Attendance: 5000 (100.00%) -- Ticket Income $100,000
Luxury Box -- Attendance: 851 (85.10%) -- Ticket Income $164,243
Game was played at the Gila River Arena.
Total Attendance: 18758 (93.79%)
Total Ticket Income: $1,086,640
Other Income: $380,324
Total Income: $1,466,964
Hartford Whalers
5 vs 5 Forward
Center Left Wing Right Wing Time % Phy DF OF
1 Nick Suzuki Anthony Cirelli Jonathan Drouin 30 1 2 2
2 Morgan Frost Miles Wood T.J. Oshie 30 1 2 2
3 Lukas Reichel Tomas Tatar Kaapo Kakko 25 1 2 2
4 Matthew Coronato Taylor Hall Josh Anderson 15 1 2 2
5 vs 5 Defense
Defense Defense Time % Phy DF OF
1 Charlie McAvoy Ryan McDonagh 35 1 2 2
2 Torey Krug Ryan Suter 35 1 2 2
3 Kaiden Guhle Derek Forbort 30 1 2 2
4 Charlie McAvoy Ryan McDonagh 0 1 2 2
PowerPlay Forward
Center Left Wing Right Wing Time % Phy DF OF
1 Nick Suzuki Anthony Cirelli Jonathan Drouin 50 1 2 2
2 Morgan Frost Miles Wood T.J. Oshie 50 1 2 2
PowerPlay Defense
Defense Defense Time % Phy DF OF
1 Charlie McAvoy Ryan McDonagh 50 1 2 2
2 Torey Krug Ryan Suter 50 1 2 2
Penalty Kill 4 Players Forward
Center Wing Time % Phy DF OF
1 Nick Suzuki Anthony Cirelli 50 1 2 2
2 Jonathan Drouin Morgan Frost 50 1 2 2
Penalty Kill 4 Players Defense
Defense Defense Time % Phy DF OF
1 Charlie McAvoy Ryan McDonagh 50 1 2 2
2 Torey Krug Ryan Suter 50 1 2 2
Penalty Kill - 3 Players Forward
Forward Time % Phy DF OF
1 Nick Suzuki 50 1 2 2
2 Anthony Cirelli 50 1 2 2
Penalty Kill - 3 Players Defense
Defense Defense Time % Phy DF OF
1 Charlie McAvoy Ryan McDonagh 50 1 2 2
2 Torey Krug Ryan Suter 50 1 2 2
4 vs 4 Forward
Center Wing Time % Phy DF OF
1 Nick Suzuki Anthony Cirelli 50 1 2 2
2 Jonathan Drouin Morgan Frost 50 1 2 2
4 vs 4 Defense
Defense Defense Time % Phy DF OF
1 Charlie McAvoy Ryan McDonagh 50 1 2 2
2 Torey Krug Ryan Suter 50 1 2 2
Last Minutes Offensive
Center Left Wing Right Wing Defense Defense
Nick Suzuki Anthony Cirelli Jonathan Drouin Charlie McAvoy Ryan McDonagh
Last Minutes Defensive
Center Left Wing Right Wing Defense Defense
Nick Suzuki Anthony Cirelli Jonathan Drouin Charlie McAvoy Ryan McDonagh
Goaltenders
Starting : Spencer Knight
Backup : Anton Forsberg
Extra Forwards
Normal : Tomas Tatar, Taylor Hall, Kaapo Kakko - PP : Tomas Tatar, Taylor Hall - PK : Kaapo Kakko
Extra Defensemen
Normal : Kaiden Guhle, Charlie McAvoy, Torey Krug - PP : Kaiden Guhle - PK : Derek Forbort, Torey Krug
Penalty Shots
Nick Suzuki, Anthony Cirelli, Jonathan Drouin, Morgan Frost, T.J. Oshie
Scratches
Alec Martinez (Healthy), Joshua Norris (Healthy)
Arizona Coyotes
5 vs 5 Forward
Center Left Wing Right Wing Time % Phy DF OF
1 Charlie Coyle Mats Zuccarello Tyler Seguin 40 0 2 3
2 Mason McTavish Erik Haula Brandon Tanev 30 0 2 3
3 Ross Colton Zach Parise Ryan Donato 20 1 3 1
4 Mark Jankowski Jakob Silfverberg Ondrej Palat 10 1 3 1
5 vs 5 Defense
Defense Defense Time % Phy DF OF
1 Jared Spurgeon Jani Hakanpaa 40 1 3 1
2 Radko Gudas Brayden McNabb 35 1 3 1
3 Matt Dumba Anthony Deangelo 25 1 3 1
4 Jared Spurgeon Jani Hakanpaa 0 1 2 2
PowerPlay Forward
Center Left Wing Right Wing Time % Phy DF OF
1 Charlie Coyle Mats Zuccarello Tyler Seguin 50 1 1 3
2 Mason McTavish Erik Haula Brandon Tanev 50 1 1 3
PowerPlay Defense
Defense Defense Time % Phy DF OF
1 Jared Spurgeon Jani Hakanpaa 50 1 3 1
2 Radko Gudas Brayden McNabb 50 1 1 3
Penalty Kill 4 Players Forward
Center Wing Time % Phy DF OF
1 Charlie Coyle Mats Zuccarello 50 1 3 1
2 Tyler Seguin Mason McTavish 50 1 3 1
Penalty Kill 4 Players Defense
Defense Defense Time % Phy DF OF
1 Jared Spurgeon Jani Hakanpaa 50 1 3 1
2 Radko Gudas Brayden McNabb 50 1 3 1
Penalty Kill - 3 Players Forward
Forward Time % Phy DF OF
1 Ross Colton 50 1 3 1
2 Mark Jankowski 50 1 3 1
Penalty Kill - 3 Players Defense
Defense Defense Time % Phy DF OF
1 Matt Dumba Radko Gudas 55 1 3 1
2 Anthony Deangelo Brayden McNabb 45 1 3 1
4 vs 4 Forward
Center Wing Time % Phy DF OF
1 Charlie Coyle Mats Zuccarello 50 1 1 3
2 Tyler Seguin Mason McTavish 50 1 1 3
4 vs 4 Defense
Defense Defense Time % Phy DF OF
1 Jared Spurgeon Jani Hakanpaa 50 1 3 1
2 Radko Gudas Brayden McNabb 50 1 3 1
Last Minutes Offensive
Center Left Wing Right Wing Defense Defense
Charlie Coyle Mats Zuccarello Tyler Seguin Jared Spurgeon Jani Hakanpaa
Last Minutes Defensive
Center Left Wing Right Wing Defense Defense
Charlie Coyle Mats Zuccarello Tyler Seguin Jared Spurgeon Jani Hakanpaa
Goaltenders
Starting : Petr Mrazek
Backup : Carter Hart
Extra Forwards
Normal : Ross Colton, Ryan Donato, Zach Parise - PP : Ross Colton, Ryan Donato - PK : Zach Parise
Extra Defensemen
Normal : Matt Dumba, Anthony Deangelo, Radko Gudas - PP : Matt Dumba - PK : Anthony Deangelo, Radko Gudas
Penalty Shots
Charlie Coyle, Mats Zuccarello, Tyler Seguin, Mason McTavish, Erik Haula
Scratches
Jayden Struble (Healthy), Ondrej Pavel (Healthy), Scott Reedy (Healthy), Elvis Merzlikins (Healthy)
% Time on Ice - Hartford Whalers
Lines # - Real PCT - Wanted PCT - Time Play
Normal Forward
1 - 27% - 30% - 12:49
2 - 28% - 30% - 13:15
3 - 27% - 25% - 12:25
4 - 17% - 15% - 8:08
Normal Defense
1 - 34% - 35% - 15:51
2 - 33% - 35% - 15:26
3 - 30% - 30% - 14:10
4 - 3% - 0% - 1:10
PP Forward
1 - 55% - 50% - 3:41
2 - 45% - 50% - 3:02
PP Defense
1 - 46% - 50% - 3:06
2 - 54% - 50% - 3:37
PK Forward
1 - 49% - 50% - 3:11
2 - 51% - 50% - 3:22
PK Defense
1 - 43% - 50% - 2:50
2 - 57% - 50% - 3:43
PK3 Forward
1 - 0% - 50%
2 - 0% - 50%
PK3 Defense
1 - 0% - 50%
2 - 0% - 50%
44 Forward
1 - 0% - 50%
2 - 0% - 50%
44 Defense
1 - 0% - 50%
2 - 0% - 50%
Last Minute Offensive - 0:07
Last Minute Defensive - 0:00
Total
Forward - 60:00
Defense - 60:00
|
% Time on Ice - Arizona Coyotes
Lines # - Real PCT - Wanted PCT - Time Play
Normal Forward
1 - 30% - 40% - 13:52
2 - 26% - 30% - 12:14
3 - 26% - 20% - 12:06
4 - 18% - 10% - 8:26
Normal Defense
1 - 39% - 40% - 18:14
2 - 33% - 35% - 15:22
3 - 28% - 25% - 13:02
4 - 0% - 0% - 0:00
PP Forward
1 - 49% - 50% - 3:14
2 - 51% - 50% - 3:19
PP Defense
1 - 48% - 50% - 3:10
2 - 52% - 50% - 3:23
PK Forward
1 - 50% - 50% - 3:23
2 - 50% - 50% - 3:20
PK Defense
1 - 54% - 50% - 3:37
2 - 46% - 50% - 3:06
PK3 Forward
1 - 0% - 50%
2 - 0% - 50%
PK3 Defense
1 - 0% - 55%
2 - 0% - 45%
44 Forward
1 - 0% - 50%
2 - 0% - 50%
44 Defense
1 - 0% - 50%
2 - 0% - 50%
Last Minute Offensive - 0:00
Last Minute Defensive - 0:06
Total
Forward - 60:00
Defense - 60:00
|
Play-by-Play
1st period
0:01 of 1st period - Nick Suzuki wins face-off versus Charlie Coyle in neutral zone.
0:05 of 1st period - Icing by Jared Spurgeon.
0:06 of 1st period - Charlie Coyle wins face-off versus Nick Suzuki in Arizona Coyotes zone.
0:11 of 1st period - Snap shot by Tyler Seguin.
0:11 of 1st period - Stopped by Spencer Knight without a rebound.
0:12 of 1st period - Mason McTavish wins face-off versus Morgan Frost in Hartford Whalers zone.
0:19 of 1st period - Wrist shot by Mason McTavish.
0:19 of 1st period - Stopped by Spencer Knight with a rebound.
0:19 of 1st period - Spencer Knight from Hartford Whalers is injured at 0:19 of 1st period (Left Leg).
0:19 of 1st period - Anton Forsberg enters game.
0:20 of 1st period - Ross Colton wins face-off versus Lukas Reichel in Hartford Whalers zone.
0:52 of 1st period - Wrist shot by Ondrej Palat.
0:52 of 1st period - Goal by Ondrej Palat - Hartford Whalers : 0 - Arizona Coyotes : 1.
0:53 of 1st period - Charlie Coyle wins face-off versus Morgan Frost in neutral zone.
1:40 of 1st period - Off-side.
1:41 of 1st period - Ross Colton wins face-off versus Nick Suzuki in neutral zone.
2:18 of 1st period - Snap shot by Nick Suzuki.
2:18 of 1st period - Shot Misses the Net.
2:32 of 1st period - Snap shot by Nick Suzuki.
2:32 of 1st period - Stopped by Petr Mrazek without a rebound.
2:33 of 1st period - Charlie Coyle wins face-off versus Lukas Reichel in Arizona Coyotes zone.
3:44 of 1st period - Torey Krug is hit by Tyler Seguin and loses puck.
4:51 of 1st period - Wrist shot by Jonathan Drouin.
4:51 of 1st period - Shot Blocked by Charlie Coyle.
4:54 of 1st period - Icing by Charlie Coyle.
4:55 of 1st period - Nick Suzuki wins face-off versus Charlie Coyle in Arizona Coyotes zone.
5:26 of 1st period - Snap shot by Charlie Coyle.
5:26 of 1st period - Deflect By Mats Zuccarello.
5:26 of 1st period - Shot Misses the Net.
5:26 of 1st period - Puck is out of play.
5:27 of 1st period - Mason McTavish wins face-off versus Lukas Reichel in Hartford Whalers zone.
5:43 of 1st period - Snap shot by Mason McTavish.
5:43 of 1st period - Shot Blocked by Charlie McAvoy.
6:07 of 1st period - Snap shot by Miles Wood.
6:07 of 1st period - Shot Misses the Net.
6:29 of 1st period - Ryan Suter is hit by Charlie Coyle and loses puck.
6:48 of 1st period - Snap shot by Jonathan Drouin.
6:48 of 1st period - Shot Misses the Net.
6:50 of 1st period - Wrist shot by Anthony Cirelli.
6:50 of 1st period - Stopped by Petr Mrazek with a rebound.
6:52 of 1st period - Slapshot by Anthony Cirelli.
6:52 of 1st period - Stopped by Petr Mrazek with a rebound.
6:54 of 1st period - Slapshot by Ryan Suter.
6:54 of 1st period - Stopped by Petr Mrazek with a rebound.
7:24 of 1st period - Mark Jankowski is hit by Kaiden Guhle and loses puck.
7:33 of 1st period - Snap shot by Morgan Frost.
7:33 of 1st period - Shot Misses the Net.
7:35 of 1st period - Wrist shot by Miles Wood.
7:35 of 1st period - Shot Misses the Net.
7:37 of 1st period - Slapshot by Ryan McDonagh.
7:37 of 1st period - Stopped by Petr Mrazek with a rebound.
7:43 of 1st period - Minor Penalty to Matt Dumba for Roughing.
7:44 of 1st period - Nick Suzuki wins face-off versus Charlie Coyle in Arizona Coyotes zone.
7:45 of 1st period - Wrist shot by Jonathan Drouin.
7:45 of 1st period - Stopped by Petr Mrazek with a rebound.
7:47 of 1st period - Slapshot by Charlie McAvoy.
7:47 of 1st period - Shot Blocked by Jani Hakanpaa.
7:49 of 1st period - Snap shot by Ryan McDonagh.
7:49 of 1st period - Shot Misses the Net.
7:51 of 1st period - Slapshot by Charlie McAvoy.
7:51 of 1st period - Stopped by Petr Mrazek without a rebound.
7:52 of 1st period - Nick Suzuki wins face-off versus Charlie Coyle in Arizona Coyotes zone.
8:11 of 1st period - Wrist shot by Mats Zuccarello.
8:11 of 1st period - Shot Misses the Net.
8:27 of 1st period - Wrist shot by Nick Suzuki.
8:27 of 1st period - Shot Blocked by Charlie Coyle.
8:29 of 1st period - Snap shot by Ryan McDonagh.
8:29 of 1st period - Goal by Ryan McDonagh - Hartford Whalers : 1 - Arizona Coyotes : 1.
8:30 of 1st period - Erik Haula wins face-off versus Morgan Frost in neutral zone.
8:39 of 1st period - Wrist shot by Mason McTavish.
8:39 of 1st period - Stopped by Anton Forsberg without a rebound.
8:40 of 1st period - Morgan Frost wins face-off versus Mason McTavish in Hartford Whalers zone.
8:40 of 1st period - Morgan Frost is hit by Mason McTavish.
8:56 of 1st period - Snap shot by Miles Wood.
8:56 of 1st period - Shot Misses the Net.
8:58 of 1st period - Snap shot by Charlie McAvoy.
8:58 of 1st period - Stopped by Petr Mrazek with a rebound.
9:00 of 1st period - Slapshot by Ryan McDonagh.
9:00 of 1st period - Stopped by Petr Mrazek without a rebound.
9:01 of 1st period - Charlie Coyle wins face-off versus Lukas Reichel in Arizona Coyotes zone.
9:16 of 1st period - Slapshot by Kaapo Kakko.
9:16 of 1st period - Shot Misses the Net.
9:28 of 1st period - Anthony Cirelli is hit by Brandon Tanev and loses puck.
9:49 of 1st period - Zach Parise is hit by T.J. Oshie and loses puck.
9:54 of 1st period - Slapshot by T.J. Oshie.
9:54 of 1st period - Shot Blocked by Ross Colton.
10:20 of 1st period - Torey Krug is hit by Ryan Donato and loses puck.
11:05 of 1st period - Snap shot by Ryan Donato.
11:05 of 1st period - Shot Misses the Net.
11:07 of 1st period - Snap shot by Ryan Donato.
11:07 of 1st period - Goal by Ryan Donato - Hartford Whalers : 1 - Arizona Coyotes : 2.
11:08 of 1st period - Charlie Coyle wins face-off versus Nick Suzuki in neutral zone.
11:36 of 1st period - Off-side.
11:37 of 1st period - Taylor Hall wins face-off versus Mason McTavish in neutral zone.
12:02 of 1st period - Radko Gudas is hit by T.J. Oshie and loses puck.
12:07 of 1st period - Snap shot by T.J. Oshie.
12:07 of 1st period - Shot Misses the Net.
12:09 of 1st period - Slapshot by Morgan Frost.
12:09 of 1st period - Stopped by Petr Mrazek without a rebound.
12:10 of 1st period - Nick Suzuki wins face-off versus Charlie Coyle in Arizona Coyotes zone.
12:36 of 1st period - Jani Hakanpaa is hit by Nick Suzuki and loses puck.
12:51 of 1st period - Snap shot by Mats Zuccarello.
12:51 of 1st period - Shot Misses the Net.
12:59 of 1st period - Wrist shot by Tyler Seguin.
12:59 of 1st period - Goal by Tyler Seguin - Hartford Whalers : 1 - Arizona Coyotes : 3.
13:00 of 1st period - Mason McTavish wins face-off versus Morgan Frost in neutral zone.
13:03 of 1st period - Derek Forbort is hit by Brayden McNabb and loses puck.
13:26 of 1st period - Derek Forbort is hit by Ryan Donato and loses puck.
13:33 of 1st period - Brayden McNabb is hit by Miles Wood and loses puck.
13:48 of 1st period - Snap shot by Miles Wood.
13:48 of 1st period - Stopped by Petr Mrazek with a rebound.
13:56 of 1st period - Snap shot by Miles Wood.
13:56 of 1st period - Shot Hit the Post.
14:11 of 1st period - Minor Penalty to Ross Colton for Interference.
14:12 of 1st period - Jonathan Drouin wins face-off versus Tyler Seguin in Arizona Coyotes zone.
16:11 of 1st period - Penalty to Ross Colton is over, Ross Colton is back on ice.
16:43 of 1st period - Ryan Donato is hit by Josh Anderson and loses puck.
16:47 of 1st period - Icing by Zach Parise.
16:48 of 1st period - Lukas Reichel wins face-off versus Ross Colton in Arizona Coyotes zone.
16:55 of 1st period - Kaapo Kakko is hit by Zach Parise and loses puck.
17:08 of 1st period - Snap shot by Ross Colton.
17:08 of 1st period - Stopped by Anton Forsberg without a rebound.
17:09 of 1st period - Nick Suzuki wins face-off versus Charlie Coyle in Hartford Whalers zone.
17:16 of 1st period - Snap shot by Mats Zuccarello.
17:16 of 1st period - Stopped by Anton Forsberg with a rebound.
17:18 of 1st period - Snap shot by Charlie Coyle.
17:18 of 1st period - Stopped by Anton Forsberg with a rebound.
17:26 of 1st period - Snap shot by Mats Zuccarello.
17:26 of 1st period - Shot Misses the Net.
18:36 of 1st period - Icing by Mats Zuccarello.
18:37 of 1st period - Charlie Coyle wins face-off versus Nick Suzuki in Arizona Coyotes zone.
19:36 of 1st period - Minor Penalty to Tomas Tatar for Interference.
19:37 of 1st period - Charlie Coyle wins face-off versus Nick Suzuki in Hartford Whalers zone.
19:39 of 1st period - Snap shot by Tyler Seguin.
19:39 of 1st period - Stopped by Anton Forsberg with a rebound.
19:41 of 1st period - Wrist shot by Tyler Seguin.
19:41 of 1st period - Shot Misses the Net.
19:49 of 1st period - Torey Krug is hit by Jared Spurgeon and loses puck.
Goals for this period are 1 for Hartford Whalers vs 3 for Arizona Coyotes.
Shots for this period are 12 for Hartford Whalers vs 10 for Arizona Coyotes.
2nd period
0:01 of 2nd period - Mason McTavish wins face-off versus Jonathan Drouin in neutral zone.
0:12 of 2nd period - Slapshot by Mason McTavish.
0:12 of 2nd period - Goal by Mason McTavish - Hartford Whalers : 1 - Arizona Coyotes : 4.
0:13 of 2nd period - Nick Suzuki wins face-off versus Charlie Coyle in neutral zone.
0:40 of 2nd period - Brandon Tanev is hit by Kaiden Guhle and loses puck.
1:51 of 2nd period - Snap shot by Jonathan Drouin.
1:51 of 2nd period - Stopped by Petr Mrazek without a rebound.
1:52 of 2nd period - Nick Suzuki wins face-off versus Mason McTavish in Arizona Coyotes zone.
2:22 of 2nd period - Charlie Coyle is hit by Torey Krug and loses puck.
2:31 of 2nd period - Snap shot by Nick Suzuki.
2:31 of 2nd period - Stopped by Petr Mrazek with a rebound.
2:33 of 2nd period - Wrist shot by Anthony Cirelli.
2:33 of 2nd period - Stopped by Petr Mrazek with a rebound.
2:35 of 2nd period - Wrist shot by Anthony Cirelli.
2:35 of 2nd period - Stopped by Petr Mrazek with a rebound.
2:37 of 2nd period - Snap shot by Ryan Suter.
2:37 of 2nd period - Stopped by Petr Mrazek with a rebound.
2:39 of 2nd period - Wrist shot by Anthony Cirelli.
2:39 of 2nd period - Deflect By Jonathan Drouin.
2:39 of 2nd period - Shot Blocked by Mats Zuccarello.
2:39 of 2nd period - Puck is out of play.
2:40 of 2nd period - Mason McTavish wins face-off versus Morgan Frost in Arizona Coyotes zone.
2:40 of 2nd period - Mason McTavish is hit by Charlie McAvoy.
2:48 of 2nd period - Wrist shot by Brandon Tanev.
2:48 of 2nd period - Stopped by Anton Forsberg with a rebound.
3:07 of 2nd period - Morgan Frost is hit by Zach Parise and loses puck.
3:12 of 2nd period - Snap shot by Ross Colton.
3:12 of 2nd period - Stopped by Anton Forsberg without a rebound.
3:13 of 2nd period - Ross Colton wins face-off versus Lukas Reichel in Hartford Whalers zone.
3:21 of 2nd period - Minor Penalty to Ryan Suter for Interference.
3:22 of 2nd period - Jonathan Drouin wins face-off versus Mason McTavish in Hartford Whalers zone.
5:21 of 2nd period - Penalty to Ryan Suter is over, Ryan Suter is back on ice.
5:33 of 2nd period - Slapshot by Charlie McAvoy.
5:33 of 2nd period - Goal by Charlie McAvoy - Hartford Whalers : 2 - Arizona Coyotes : 4.
5:34 of 2nd period - Mason McTavish wins face-off versus Lukas Reichel in neutral zone.
5:48 of 2nd period - Off-side.
5:49 of 2nd period - Charlie Coyle wins face-off versus Morgan Frost in neutral zone.
5:56 of 2nd period - Snap shot by Tyler Seguin.
5:56 of 2nd period - Shot Misses the Net.
5:58 of 2nd period - Snap shot by Jared Spurgeon.
5:58 of 2nd period - Shot Misses the Net.
6:00 of 2nd period - Slapshot by Jared Spurgeon.
6:00 of 2nd period - Deflect By Kaiden Guhle.
6:00 of 2nd period - Stopped by Anton Forsberg with a rebound.
6:02 of 2nd period - Backhand shot by Charlie Coyle.
6:02 of 2nd period - Deflect By Tyler Seguin.
6:02 of 2nd period - Shot Misses the Net.
6:02 of 2nd period - Puck is out of play.
6:03 of 2nd period - Charlie Coyle wins face-off versus Nick Suzuki in Hartford Whalers zone.
6:04 of 2nd period - Wrist shot by Mats Zuccarello.
6:04 of 2nd period - Stopped by Anton Forsberg with a rebound.
6:09 of 2nd period - Off-side.
6:10 of 2nd period - Charlie Coyle wins face-off versus Nick Suzuki in neutral zone.
7:04 of 2nd period - Slapshot by Jonathan Drouin.
7:04 of 2nd period - Stopped by Petr Mrazek with a rebound.
7:12 of 2nd period - Backhand shot by Nick Suzuki.
7:12 of 2nd period - Stopped by Petr Mrazek without a rebound.
7:13 of 2nd period - Mason McTavish wins face-off versus Morgan Frost in Arizona Coyotes zone.
7:18 of 2nd period - Snap shot by Mason McTavish.
7:18 of 2nd period - Shot Misses the Net.
7:20 of 2nd period - Slapshot by Brayden McNabb.
7:20 of 2nd period - Shot Blocked by Miles Wood.
7:22 of 2nd period - Wrist shot by Erik Haula.
7:22 of 2nd period - Stopped by Anton Forsberg with a rebound.
7:29 of 2nd period - Minor Penalty to T.J. Oshie for High sticking.
7:30 of 2nd period - Mason McTavish wins face-off versus Jonathan Drouin in Hartford Whalers zone.
7:34 of 2nd period - Wrist shot by Mason McTavish.
7:34 of 2nd period - Shot Misses the Net.
8:58 of 2nd period - Brayden McNabb is hit by Nick Suzuki and loses puck.
9:29 of 2nd period - Penalty to T.J. Oshie is over, T.J. Oshie is back on ice.
9:56 of 2nd period - Snap shot by Ondrej Palat.
9:56 of 2nd period - Stopped by Anton Forsberg with a rebound.
10:14 of 2nd period - Snap shot by Ross Colton.
10:14 of 2nd period - Stopped by Anton Forsberg with a rebound.
10:56 of 2nd period - Mats Zuccarello is hit by Charlie McAvoy.
11:06 of 2nd period - Erik Haula is hit by Charlie McAvoy and loses puck.
11:16 of 2nd period - Minor Penalty to Mason McTavish for Tripping.
11:17 of 2nd period - T.J. Oshie wins face-off versus Tyler Seguin in Arizona Coyotes zone.
11:37 of 2nd period - Radko Gudas is hit by T.J. Oshie and loses puck.
11:50 of 2nd period - Wrist shot by Tyler Seguin.
11:50 of 2nd period - Stopped by Anton Forsberg without a rebound.
11:51 of 2nd period - Charlie Coyle wins face-off versus Nick Suzuki in Hartford Whalers zone.
11:56 of 2nd period - Snap shot by Charlie Coyle.
11:56 of 2nd period - Stopped by Anton Forsberg without a rebound.
11:57 of 2nd period - Charlie Coyle wins face-off versus Morgan Frost in Hartford Whalers zone.
12:24 of 2nd period - Zach Parise is hit by Ryan McDonagh and loses puck.
13:16 of 2nd period - Penalty to Mason McTavish is over, Mason McTavish is back on ice.
13:41 of 2nd period - Jani Hakanpaa is hit by Tomas Tatar and loses puck.
13:46 of 2nd period - Slapshot by Lukas Reichel.
13:46 of 2nd period - Shot Misses the Net.
13:48 of 2nd period - Slapshot by Ryan Suter.
13:48 of 2nd period - Shot Blocked by Jared Spurgeon.
13:50 of 2nd period - Snap shot by Kaapo Kakko.
13:50 of 2nd period - Shot Misses the Net.
13:52 of 2nd period - Slapshot by Lukas Reichel.
13:52 of 2nd period - Goal by Lukas Reichel - Hartford Whalers : 3 - Arizona Coyotes : 4.
13:53 of 2nd period - Charlie Coyle wins face-off versus Morgan Frost in neutral zone.
13:57 of 2nd period - Icing by Morgan Frost.
13:58 of 2nd period - Charlie Coyle wins face-off versus Morgan Frost in Hartford Whalers zone.
14:10 of 2nd period - Icing by Tyler Seguin.
14:11 of 2nd period - Morgan Frost wins face-off versus Mats Zuccarello in Arizona Coyotes zone.
14:26 of 2nd period - Snap shot by Charlie Coyle.
14:26 of 2nd period - Shot Misses the Net.
14:32 of 2nd period - Snap shot by Charlie Coyle.
14:32 of 2nd period - Shot Blocked by Charlie McAvoy.
14:34 of 2nd period - Slapshot by Brayden McNabb.
14:34 of 2nd period - Deflect By Mats Zuccarello.
14:34 of 2nd period - Stopped by Anton Forsberg with a rebound.
14:36 of 2nd period - Slapshot by Mats Zuccarello.
14:36 of 2nd period - Deflect By Charlie Coyle.
14:36 of 2nd period - Shot Misses the Net.
14:36 of 2nd period - Puck is out of play.
14:37 of 2nd period - Anthony Cirelli wins face-off versus Mason McTavish in Hartford Whalers zone.
14:46 of 2nd period - Slapshot by Jonathan Drouin.
14:46 of 2nd period - Shot Blocked by Jared Spurgeon.
16:17 of 2nd period - Snap shot by Nick Suzuki.
16:17 of 2nd period - Shot Misses the Net.
16:53 of 2nd period - Snap shot by Tyler Seguin.
16:53 of 2nd period - Shot Misses the Net.
16:55 of 2nd period - Wrist shot by Charlie Coyle.
16:55 of 2nd period - Stopped by Anton Forsberg with a rebound.
16:57 of 2nd period - Snap shot by Jared Spurgeon.
16:57 of 2nd period - Stopped by Anton Forsberg with a rebound.
16:59 of 2nd period - Slapshot by Charlie Coyle.
16:59 of 2nd period - Shot Misses the Net.
17:09 of 2nd period - Jakob Silfverberg is hit by Charlie McAvoy and loses puck.
17:40 of 2nd period - Wrist shot by Brandon Tanev.
17:40 of 2nd period - Stopped by Anton Forsberg with a rebound.
17:52 of 2nd period - Slapshot by Charlie McAvoy.
17:52 of 2nd period - Stopped by Petr Mrazek with a rebound.
17:58 of 2nd period - Snap shot by Lukas Reichel.
17:58 of 2nd period - Shot Misses the Net.
18:30 of 2nd period - Taylor Hall is hit by Jared Spurgeon and loses puck.
18:49 of 2nd period - Torey Krug is hit by Mason McTavish and loses puck.
19:18 of 2nd period - Snap shot by Ryan Donato.
19:18 of 2nd period - Shot Blocked by Kaapo Kakko.
19:20 of 2nd period - Snap shot by Ryan Donato.
19:20 of 2nd period - Shot Misses the Net.
Goals for this period are 2 for Hartford Whalers vs 1 for Arizona Coyotes.
Shots for this period are 10 for Hartford Whalers vs 14 for Arizona Coyotes.
3rd period
0:01 of 3rd period - Morgan Frost wins face-off versus Charlie Coyle in neutral zone.
0:06 of 3rd period - Snap shot by T.J. Oshie.
0:06 of 3rd period - Stopped by Petr Mrazek with a rebound.
0:26 of 3rd period - Torey Krug is hit by Brandon Tanev.
0:30 of 3rd period - Nick Suzuki is hit by Radko Gudas and loses puck.
1:13 of 3rd period - Josh Anderson is hit by Jakob Silfverberg and loses puck.
1:52 of 3rd period - Snap shot by Jonathan Drouin.
1:52 of 3rd period - Shot Misses the Net.
2:10 of 3rd period - Backhand shot by Charlie McAvoy.
2:10 of 3rd period - Shot Blocked by Jani Hakanpaa.
2:12 of 3rd period - Slapshot by Charlie McAvoy.
2:12 of 3rd period - Stopped by Petr Mrazek without a rebound.
2:13 of 3rd period - Ross Colton wins face-off versus Tomas Tatar in Arizona Coyotes zone.
2:13 of 3rd period - Ross Colton is hit by Kaiden Guhle.
2:31 of 3rd period - Wrist shot by Kaapo Kakko.
2:31 of 3rd period - Stopped by Petr Mrazek with a rebound.
2:33 of 3rd period - Snap shot by Lukas Reichel.
2:33 of 3rd period - Deflect By Tomas Tatar.
2:33 of 3rd period - Stopped by Petr Mrazek with a rebound.
2:35 of 3rd period - Snap shot by Kaapo Kakko.
2:35 of 3rd period - Stopped by Petr Mrazek with a rebound.
2:37 of 3rd period - Snap shot by Ryan Suter.
2:37 of 3rd period - Stopped by Petr Mrazek with a rebound.
2:39 of 3rd period - Wrist shot by Kaapo Kakko.
2:39 of 3rd period - Goal by Kaapo Kakko - Hartford Whalers : 4 - Arizona Coyotes : 4.
2:40 of 3rd period - Charlie Coyle wins face-off versus Morgan Frost in neutral zone.
2:56 of 3rd period - Minor Penalty to Brayden McNabb for Interference.
2:57 of 3rd period - T.J. Oshie wins face-off versus Charlie Coyle in Arizona Coyotes zone.
2:57 of 3rd period - Wrist shot by Morgan Frost.
2:57 of 3rd period - Shot Misses the Net.
4:56 of 3rd period - Penalty to Brayden McNabb is over, Brayden McNabb is back on ice.
5:22 of 3rd period - Matthew Coronato is hit by Matt Dumba.
6:19 of 3rd period - Ondrej Palat is hit by Derek Forbort and loses puck.
6:32 of 3rd period - Brayden McNabb is hit by Kaapo Kakko and loses puck.
7:03 of 3rd period - Wrist shot by Jakob Silfverberg.
7:03 of 3rd period - Stopped by Anton Forsberg with a rebound.
7:05 of 3rd period - Snap shot by Ondrej Palat.
7:05 of 3rd period - Stopped by Anton Forsberg with a rebound.
7:22 of 3rd period - Zach Parise is hit by Ryan Suter and loses puck.
8:27 of 3rd period - Off-side.
8:28 of 3rd period - Tyler Seguin wins face-off versus Lukas Reichel in neutral zone.
10:27 of 3rd period - Wrist shot by Nick Suzuki.
10:27 of 3rd period - Stopped by Petr Mrazek with a rebound.
10:29 of 3rd period - Snap shot by Anthony Cirelli.
10:29 of 3rd period - Stopped by Petr Mrazek with a rebound.
10:59 of 3rd period - Charlie Coyle is hit by Matthew Coronato and loses puck.
11:28 of 3rd period - Snap shot by Ryan Donato.
11:28 of 3rd period - Stopped by Anton Forsberg without a rebound.
11:29 of 3rd period - Mason McTavish wins face-off versus Nick Suzuki in Hartford Whalers zone.
11:40 of 3rd period - Slapshot by Erik Haula.
11:40 of 3rd period - Shot Blocked by Charlie McAvoy.
11:42 of 3rd period - Slapshot by Jared Spurgeon.
11:42 of 3rd period - Goal by Jared Spurgeon - Hartford Whalers : 4 - Arizona Coyotes : 5.
11:43 of 3rd period - Charlie Coyle wins face-off versus Morgan Frost in neutral zone.
12:59 of 3rd period - Wrist shot by Ross Colton.
12:59 of 3rd period - Stopped by Anton Forsberg without a rebound.
13:00 of 3rd period - Charlie Coyle wins face-off versus Morgan Frost in Hartford Whalers zone.
13:23 of 3rd period - Minor Penalty to Torey Krug for Slashing.
13:24 of 3rd period - Nick Suzuki wins face-off versus Mason McTavish in Hartford Whalers zone.
13:49 of 3rd period - Jared Spurgeon is hit by Anthony Cirelli and loses puck.
14:16 of 3rd period - Wrist shot by Morgan Frost.
14:16 of 3rd period - Shot Misses the Net.
14:49 of 3rd period - Ryan McDonagh is hit by Tyler Seguin and loses puck.
14:58 of 3rd period - Jared Spurgeon is hit by Jonathan Drouin.
15:23 of 3rd period - Penalty to Torey Krug is over, Torey Krug is back on ice.
15:30 of 3rd period - Kaiden Guhle is hit by Zach Parise and loses puck.
15:38 of 3rd period - Wrist shot by Ryan Donato.
15:38 of 3rd period - Deflect By Zach Parise.
15:38 of 3rd period - Stopped by Anton Forsberg with a rebound.
15:40 of 3rd period - Slapshot by Radko Gudas.
15:40 of 3rd period - Shot Blocked by Matthew Coronato.
15:58 of 3rd period - Kaiden Guhle is hit by Ondrej Palat and loses puck.
16:05 of 3rd period - Wrist shot by Ondrej Palat.
16:05 of 3rd period - Shot Misses the Net.
16:07 of 3rd period - Snap shot by Ondrej Palat.
16:07 of 3rd period - Shot Misses the Net.
16:15 of 3rd period - Snap shot by Taylor Hall.
16:15 of 3rd period - Deflect By Josh Anderson.
16:15 of 3rd period - Stopped by Petr Mrazek with a rebound.
17:33 of 3rd period - Nick Suzuki is hit by Anthony Deangelo and loses puck.
17:46 of 3rd period - Erik Haula is hit by Derek Forbort and loses puck.
18:12 of 3rd period - Kaapo Kakko is hit by Ross Colton and loses puck.
18:24 of 3rd period - Ross Colton is hit by Kaapo Kakko and loses puck.
18:33 of 3rd period - Hartford Whalers, Anton Forsberg is pulled from the net.
18:35 of 3rd period - Wrist shot by Nick Suzuki.
18:35 of 3rd period - Shot Blocked by Ross Colton.
18:51 of 3rd period - Snap shot by Charlie Coyle.
18:51 of 3rd period - Goal by Charlie Coyle - Hartford Whalers : 4 - Arizona Coyotes : 6.
18:51 of 3rd period - Anton Forsberg from Hartford Whalers was sent back in the game.
18:52 of 3rd period - Ross Colton wins face-off versus Lukas Reichel in neutral zone.
19:05 of 3rd period - Wrist shot by Lukas Reichel.
19:05 of 3rd period - Shot Blocked by Jani Hakanpaa.
19:07 of 3rd period - Snap shot by Lukas Reichel.
19:07 of 3rd period - Stopped by Petr Mrazek without a rebound.
19:08 of 3rd period - Matthew Coronato wins face-off versus Mason McTavish in Arizona Coyotes zone.
19:09 of 3rd period - Slapshot by Josh Anderson.
19:09 of 3rd period - Deflect By Matthew Coronato.
19:09 of 3rd period - Shot Misses the Net.
19:09 of 3rd period - Puck is out of play.
19:10 of 3rd period - Mason McTavish wins face-off versus Matthew Coronato in Arizona Coyotes zone.
19:23 of 3rd period - Snap shot by Mason McTavish.
19:23 of 3rd period - Deflect By Brandon Tanev.
19:23 of 3rd period - Shot Misses the Net.
19:23 of 3rd period - Puck is out of play.
19:24 of 3rd period - Lukas Reichel wins face-off versus Ross Colton in Hartford Whalers zone.
19:29 of 3rd period - Slapshot by Charlie McAvoy.
19:29 of 3rd period - Deflect By Kaapo Kakko.
19:29 of 3rd period - Shot Misses the Net.
19:29 of 3rd period - Puck is out of play.
19:30 of 3rd period - Lukas Reichel wins face-off versus Ross Colton in Arizona Coyotes zone.
19:31 of 3rd period - Snap shot by Charlie McAvoy.
19:31 of 3rd period - Shot Blocked by Jared Spurgeon.
Goals for this period are 1 for Hartford Whalers vs 2 for Arizona Coyotes.
Shots for this period are 11 for Hartford Whalers vs 7 for Arizona Coyotes.
Back to the Top